 Dungeon Crawl Stone Soup version 0.23.2-40-g277498a001 (webtiles) character file.

Game seed: 3524674191043614299

1613 Amplified the Skirmisher (level 8, -10/67 (68) HPs)
             Began as a Demonspawn Monk on Sept 9, 2019.
             Engulfed by a steam dragon's steam (12 damage)
             ... on level 7 of the Dungeon.
             The game lasted 00:14:55 (7897 turns).

Amplified the Skirmisher (Demonspawn Monk)          Turns: 7897, Time: 00:14:56

HP:   -10/67 (68)   AC: 12    Str: 13    XL:     8   Next: 64%
MP:   8/8           EV:  6    Int: 12    God:
Gold: 373           SH:  0    Dex: 16    Spells: 7/7 levels left

rFire    . . .     SeeInvis .   l - +0 blowgun
rCold    . . .     Gourm    .   (no shield)
rNeg     . . .     Faith    .   k - +0 shadow dragon scales
rPois    .         Spirit   .   j - +0 helmet
rElec    .         Reflect  .   i - +0 cloak (curse)
rCorr    +         Harm     .   (no gloves)
MR       .....                  (no boots)
Stlth    ++++......             o - amulet of inaccuracy (curse)
HPRegen  0.21/turn              e - ring of resist corrosion
MPRegen  0.11/turn              (no ring)

@: no status effects
A: talons 2, blink, powered by death 1, subdued magic 1
a: Blink


You were on level 7 of the Dungeon.
You were not hungry.

You visited 1 branch of the dungeon, and saw 7 of its levels.

You collected 373 gold pieces.

Inventory:

Hand Weapons
 a - a +1 hand axe
 g - a +0 dagger of freezing
 l - a +0 blowgun (weapon)
 s - a +0 battleaxe
Missiles
 f - 31 poisoned needles (quivered)
Armour
 i - a cursed +0 cloak (worn)
 j - a +0 helmet (worn)
 k - +0 shadow dragon scales (worn)
 n - a +4 ring mail of fire resistance
Jewellery
 e - a ring of resist corrosion (left hand)
 o - a cursed amulet of inaccuracy (around neck)
Wands
 p - a wand of digging (3)
Scrolls
 h - a scroll of amnesia
 r - a scroll of identify
Potions
 b - a potion of flight
 d - a potion of brilliance
 q - a potion of cancellation
Comestibles
 c - 9 rations


   Skills:
 * Level 7.7 Fighting
 * Level 7.0 Axes
 - Level 2.6 Dodging
 * Level 4.8 Stealth


You had 7 spell levels left.
You didn't know any spells.
Your spell library contained the following spells:

 Spells                   Type           Power        Failure   Level  Hunger
 Corona                   Hex            #......      100%        1    ##.....
 Ensorcelled Hibernation  Hex/Ice        #.....       100%        2    ###....
 Confuse                  Hex            #.......     100%        3    ####...
 Dazzling Spray           Conj/Hex       #.....       100%        3    ####...
 Tukima's Dance           Hex            #.......     100%        3    ####...


Dungeon Overview and Level Annotations

Branches:
Dungeon (7/15)
 Temple: D:4-7

Altars:
Fedhas
Hepliaklqana
Nemelex Xobeh
Okawaru
Ru
Uskayaw
Vehumet
Wu Jian
The Shining One

Annotations:
D:1 Pikel
D:3 Grinder
D:4 Menkaure
D:6 Blork the orc, Sigmund
D:7 Harold


Innate Abilities, Weirdness & Mutations

You have razor-sharp toenails.
You regenerate a little health from kills.
You can translocate small distances at will.
Your spells are a little easier to cast, but a little less powerful.


Message History

Okay, then.
Quiver which item? (- for none, * to show all) (? for menu, Esc to quit)
Okay, then.
Firing (i - inventory)
f - 33 poisoned needles (quivered)
Press: ? - help, Shift-Dir - straight line, f - steam dragon
Aim: a steam dragon (catching its breath)
You shoot a poisoned needle.
The poisoned needle barely misses the steam dragon.
You are engulfed in a cloud of scalding steam.
* * * LOW HITPOINT WARNING * * *
The steam dragon bites you!
* * * LOW HITPOINT WARNING * * *
The steam dragon closely misses you.
Firing (i - inventory)
f - 32 poisoned needles (quivered)
Press: ? - help, Shift-Dir - straight line, f/p - steam dragon
Aim: a steam dragon (catching its breath)
You shoot a poisoned needle.
The poisoned needle barely misses the steam dragon.
You are engulfed in a cloud of scalding steam.
You die...

#.........######.......o...###+
#.........##...................
#..........#...................
#................############+#
#######................#
#.(o_............#
#..Z.y.#..§......#
##oo.o.#.§.......#
###.###@.)......#
#o.@D.........# #####.........#
##########


You could see Harold, a steam dragon and an orc priest.

Vanquished Creatures
  4 sky beasts
  A slave (D:4)
  An ice beast (D:6)
  A necrophage (D:5)
  A centaur (D:5)
  2 bullfrogs (D:6)
  A scorpion (D:6)
  2 crimson imps (D:5)
  A quasit (D:5)
  3 bullfrog zombies
  Crazy Yiuf (D:4)
  An orc wizard (D:4)
  A centaur skeleton (D:6)
  Natasha (thrice) (D:3)
  3 iguanas
  3 worker ants
  A hound zombie (D:6)
  A hound skeleton (D:6)
  Robin (D:3)
  A gnoll (D:1)
  10 adders
  2 oozes
  An adder skeleton (D:5)
  6 worms
  11 leopard geckos
  9 orcs
  9 bats
  8 giant cockroaches
  16 goblins
  8 hobgoblins
  19 jackals
  9 kobolds
  4 quokkas
  5 frilled lizards
  A jackal zombie (D:6)
  A quokka skeleton (D:6)
  10 rats
162 creatures vanquished.

Vanquished Creatures (others)
  An adder (D:7)
1 creature vanquished.

Grand Total: 163 creatures vanquished

Notes
Turn   | Place    | Note
-------+----------+-------------------------------------------
     0 | D:1      | Amplified the Demonspawn Monk began the quest for the Orb.
     0 | D:1      | Reached XP level 1. HP: 18/18 MP: 1/1
   346 | D:1      | Gained mutation: You regenerate a little health from kills.
                  | [demonic ancestry]
   346 | D:1      | Reached XP level 2. HP: 24/24 MP: 2/2
  1115 | D:2      | Reached XP level 3. HP: 25/29 MP: 3/3
  1632 | D:2      | Gained mutation: You have sharp toenails. [demonic
                  | ancestry]
  1632 | D:2      | Reached XP level 4. HP: 27/37 MP: 4/4
  2165 | D:3      | Noticed Robin
  2194 | D:3      | Killed Robin
  2196 | D:3      | Gained mutation: You have razor-sharp toenails. [demonic
                  | ancestry]
  2196 | D:3      | Reached XP level 5. HP: 42/43 MP: 5/5
  2488 | D:3      | Found a sacrificial altar of Ru.
  2489 | D:3      | Found a radiant altar of Vehumet.
  2489 | D:3      | Found a hazy altar of Hepliaklqana.
  2519 | D:3      | Noticed Natasha
  2525 | D:3      | Killed Natasha
  2525 | D:3      | Reached skill level 5 in Fighting
  2542 | D:3      | Noticed Natasha
  2550 | D:3      | Killed Natasha
  2579 | D:3      | Noticed Natasha
  2593 | D:3      | Killed Natasha
  2736 | D:3      | Noticed Grinder
  2745 | D:4      | Reached XP level 6. HP: 51/51 MP: 6/6
  2781 | D:4      | Found an ornate altar of the Wu Jian Council.
  2862 | D:4      | Noticed Pikel
  2862 | D:4      | Noticed a slave
  2862 | D:4      | Noticed a slave
  2862 | D:4      | Noticed a slave
  2863 | D:4      | Noticed a slave
  3224 | D:3      | Gained mutation: You are resistant to electric shocks.
                  | (rElec) [potion of mutation]
  3224 | D:3      | Gained mutation: You are somewhat resistant to further
                  | mutation. [potion of mutation]
  3224 | D:3      | Gained mutation: Your mind is acute. (Int +2) [potion of
                  | mutation]
  3251 | D:3      | Paralysed by Grinder for 4 turns
  3257 | D:3      | Paralysed by Grinder for 5 turns
  3542 | D:4      | Noticed Menkaure
  3556 | D:5      | Entered Level 5 of the Dungeon
  3721 | D:5      | Reached skill level 5 in Axes
  3996 | D:4      | Killed a slave
  4064 | D:4      | Found an iron altar of Okawaru.
  4256 | D:4      | Found a runed translucent door.
  4257 | D:4      | Noticed Crazy Yiuf
  4267 | D:4      | Killed Crazy Yiuf
  4357 | D:4      | Reached XP level 7. HP: 43/58 MP: 7/7
  4768 | D:3      | Paralysed by Grinder for 2 turns
  5847 | D:5      | Found a glowing golden altar of the Shining One.
  5889 | D:5      | Found a sparkling altar of Nemelex Xobeh.
  6029 | D:5      | Found a hide-covered altar of Uskayaw.
  6070 | D:6      | Noticed Sigmund
  6201 | D:6      | Reached XP level 8. HP: 60/64 MP: 8/8
  6783 | D:6      | Noticed Blork the orc
  7834 | D:7      | Found a blossoming altar of Fedhas.
  7856 | D:7      | Found a sacrificial altar of Ru.
  7868 | D:7      | Noticed Harold
  7888 | D:7      | Lost mutation: Your mind is acute. (Int +2) [potion of
                  | mutation]
  7888 | D:7      | Lost mutation: You are somewhat resistant to further
                  | mutation. [potion of mutation]
  7888 | D:7      | Lost mutation: You are resistant to electric shocks.
                  | (rElec) [potion of mutation]
  7888 | D:7      | Gained mutation: You are agile. (Dex +2) [potion of
                  | mutation]
  7888 | D:7      | Gained mutation: Scrolls take you a little longer to read.
                  | [potion of mutation]
  7888 | D:7      | Gained mutation: You expend magic power (3 MP) to
                  | strengthen your wands. [potion of mutation]
  7888 | D:7      | Gained mutation: You are very agile. (Dex +4) [potion of
                  | mutation]
  7889 | D:7      | Lost mutation: Scrolls take you a little longer to read.
                  | [potion of mutation]
  7889 | D:7      | Lost mutation: You expend magic power (3 MP) to strengthen
                  | your wands. [potion of mutation]
  7889 | D:7      | Lost mutation: You are very agile. (Dex +4) [potion of
                  | mutation]
  7889 | D:7      | Gained mutation: Your spells are a little easier to cast,
                  | but a little less powerful. [potion of mutation]
  7889 | D:7      | Lost mutation: You are agile. (Dex +2) [potion of mutation]
  7889 | D:7      | Gained mutation: You can translocate small distances at
                  | will. [potion of mutation]
  7896 | D:7      | HP: 2/67 [steam dragon (7)]
  7897 | D:7      | Engulfed by a steam dragon's steam

Skill      XL: |  1  2  3  4  5  6  7  8 |
---------------+-------------------------+-----
Axes           | 3 4 5 6 7 |  7.0
Fighting       | 4 5 6 7 |  7.7
Stealth        | 3 4 |  4.8
Dodging        | |  2.6

Action                   |  1- 3 |  4- 6 |  7- 9 || total
-------------------------+-------+-------+-------++-------
Melee: Hand axe          |   157 |   321 |   362 ||   840
       Kick              |       |    61 |    86 ||   147
       Dagger            |       |     1 |       ||     1
       Battleaxe         |       |       |     1 ||     1
 Fire: Blowgun           |       |       |     2 ||     2
Evoke: Wand              |       |       |     1 ||     1
  Use: Scroll            |     8 |     3 |     5 ||    16
       Potion            |     3 |     5 |     5 ||    13
 Stab: Sleeping          |     2 |     2 |     7 ||    11
  Eat: Chunk             |     2 |     6 |     6 ||    14
       Ration            |       |     1 |     2 ||     3
Armor: Ring mail         |   111 |   163 |    30 ||   304
       Shadow dragon sca |       |       |   287 ||   287
Dodge: Dodged            |   106 |   220 |   142 ||   468
